 Dungeon Crawl Stone Soup version 0.25-b1-37-g2669288c55 (webtiles) character file.

Game seed: 16874963166399351111

9827 Delamore the Bludgeoner (level 11, -9/94 HPs)
             Began as a Gargoyle Fighter on June 4, 2020.
             Was a High Priest of Okawaru.
             Mangled by a phantasmal warrior (10 damage)
             ... led by a death knight
             ... on level 9 of the Dungeon.
             The game lasted 00:18:30 (11814 turns).

Delamore the Bludgeoner (Gargoyle Fighter)         Turns: 11814, Time: 00:18:31

Health: -9/94      AC: 25    Str: 24    XL:     11   Next: 52%
Magic:  11/11      EV:  2    Int:  8    God:    Okawaru [*****.]
Gold:   366        SH: 10    Dex:  9    Spells: 10/10 levels left

rFire    . . .     SeeInvis +   F - +2 whip (elec)
rCold    . . .     Gourm    .   c - +0 kite shield
rNeg     + + +     Faith    .   (armour currently unavailable)
rPois    ∞         Spirit   .   (helmet currently unavailable)
rElec    .         Reflect  .   (cloak currently unavailable)
rCorr    .         Harm     .   (gloves currently unavailable)
MR       .....     NoTele   +   (boots currently unavailable)
Stlth    ++........             (no amulet)
HPRegen  0.25/turn              g - ring of stealth
MPRegen  0.12/turn              n - ring of see invisible

@: brilliant, tree-form
A: negative energy resistance 1, petrification resistance, rot immunity, AC +8
a: Heroism, Finesse, Renounce Religion


You were on level 9 of the Dungeon.
You worshipped Okawaru.
Okawaru was extremely pleased with you.
You were not hungry.
You were a tree.
You visited 2 branches of the dungeon, and saw 11 of its levels.

You collected 514 gold pieces.
You spent 148 gold pieces at shops.

Inventory:

Hand Weapons
 m - a +0 flail of holy wrath
 F - a +2 whip of electrocution (weapon)
 H - a +2 whip of flaming
Missiles
 v - 53 poisoned darts
 x - 5 silver javelins (quivered)
 C - 11 curare-tipped darts
 M - 2 throwing nets
Armour
 b - a +0 scale mail
 c - a +0 kite shield (worn)
 w - a +0 helmet (melded)
 I - a +0 plate armour of poison resistance
 N - a +2 scale mail of magic resistance (melded)
 T - a +0 tower shield
 X - a +0 pair of gloves (melded)
Jewellery
 g - a ring of stealth (left branch)
 l - an uncursed ring of resist corrosion
 n - a ring of see invisible (right branch)
 B - an uncursed ring of flight
 K - an uncursed ring of wizardry
 Q - an uncursed amulet of magic regeneration {unknown}
Wands
 y - a wand of acid (11)
 z - a wand of enslavement (10)
 A - a wand of flame (9)
 U - a wand of polymorph (6)
 W - a wand of disintegration (12)
Scrolls
 a - 4 scrolls of fog {unknown}
 h - 3 scrolls of magic mapping {unknown}
 p - a scroll of noise {unknown}
 r - 7 scrolls of identify {unknown}
 s - a scroll of blinking {unknown}
 t - a scroll of immolation {unknown}
 u - 2 scrolls of fear {unknown}
 D - 7 scrolls of teleportation {unknown}
 L - 2 scrolls of amnesia {unknown}
 P - a scroll of remove curse {unknown}
 R - a scroll of random uselessness {unknown}
 S - a scroll of enchant armour {unknown}
Potions
 d - 2 potions of might
 e - a potion of stabbing
 k - 3 potions of curing
 o - 2 potions of cancellation
 q - a potion of flight
 E - a potion of lignification
 G - a potion of heal wounds {unknown}
 J - 4 potions of degeneration
 O - a potion of mutation {unknown}
Miscellaneous
 V - a box of beasts
Comestibles
 f - 25 rations


   Skills:
 + Level 5.1 Fighting
 - Level 16.1 Maces & Flails
 - Level 3.2 Armour
 + Level 5.1 Shields


You had 10 spell levels left.
You didn't know any spells.
Your spell library contained the following spells:

 Spells                   Type           Power        Failure   Level  Hunger
 Irradiate                Conj/Tmut      #.........   100%        5    None
 Hydra Form               Tmut           #.........   100%        6    None
 Dragon Form              Tmut           #.........   100%        7    None
 Statue Form              Tmut/Erth      Unusable     N/A         6    N/A

Dungeon Overview and Level Annotations

Branches:
Dungeon (10/15)            Temple (1/1) D:4
   Lair: D:8-11         Orc: D:9-12

Altars:
Ashenzari
Cheibriados
Dithmenos
Elyvilon
Fedhas
Gozag
Hepliaklqana
Kikubaaqudgha
Makhleb
Nemelex Xobeh
Okawaru
Qazlal
Ru
Sif Muna
Trog
Uskayaw
Vehumet
Wu Jian
Xom
Yredelemnul
Zin
The Shining One

Shops:
D:4 }


Innate Abilities, Weirdness & Mutations

You are resistant to torment.
((Your stone body is resilient. (AC +8)))
You are immune to poison.
You resist negative energy. (rN+)
((You are resistant to electric shocks. (rElec)))
((You can survive without breathing.))
You are immune to petrification.
You are immune to rotting.


Message History

It was a potion of flight.
Your roots keep you in place.
You block the phantasmal warrior's attack.
You fail to use your ability.
The phantasmal warrior hits you but does no damage.
You barely miss the phantasmal warrior. You barely miss the phantasmal warrior.
The phantasmal warrior hits you but does no damage.
You hit the phantasmal warrior but do no damage.
You hit the phantasmal warrior.
The phantasmal warrior is lightly damaged.
The phantasmal warrior hits you!!
* * * LOW HITPOINT WARNING * * *
Okay, then.
It was a potion of magic.
Magic courses through your body. The phantasmal warrior hits you.
* * * LOW HITPOINT WARNING * * *
It was a potion of brilliance.
You feel clever all of a sudden. The phantasmal warrior hits you!
You die...

######### #########.......#
#.....#.......#.###
#.....#.#)..#.#..<#
#.....#.##.##.###.#
##############.......##....# #.#
...........)....♣..####.######.##
###############.W..# #.#<.......
# #....# ########.## ######
###### #... .....# #.## .....#
### .....# ...#'# ####.#####


You could see a phantasmal warrior.

Vanquished Creatures
  Erolcha (D:10)
  Harold (D:7)
  Erica (D:8)
  A death knight (D:10)
  Pikel (D:5)
  2 trolls
  Grinder (D:6)
  Prince Ribbit (D:7)
  A hippogriff (D:10)
  A wraith (D:9)
  Grum (D:10)
  A steam dragon (D:10)
  Menkaure (D:6)
  2 water moccasins
  Duvessa (D:6)
  A slave (D:5)
  An ice beast (D:5)
  3 orc warriors
  A black bear (D:8)
  5 sky beasts
  4 ogres
  A necrophage (D:8)
  5 centaurs
  3 phantoms
  4 wolves (D:10)
  4 bullfrogs
  Dowan (D:6)
  A scorpion (D:8)
  12 killer bees
  4 wights (D:6)
  2 howler monkeys
  4 crimson imps
  A bullfrog zombie (D:8)
  A centaur zombie (D:8)
  4 hounds
  2 orc priests
  2 centaur skeletons
  2 jellies
  9 orc wizards
  Terence (D:2)
  2 iguanas
  4 worker ants
  A hound zombie (D:9)
  2 worker ant zombies (D:7)
  Robin (D:4)
  8 gnolls
  13 adders
  2 shadow imps
  2 oozes
  2 adder zombies (D:5)
  An adder skeleton (D:4)
  3 worms
  A dart slug (D:1)
  5 leopard geckos
  32 orcs
  4 bats
  5 giant cockroaches
  28 goblins
  16 hobgoblins
  8 jackals
  21 kobolds
  3 quokkas
  A ball python skeleton (D:5)
  3 frilled lizards
  A jackal skeleton (D:8)
  A leopard gecko zombie (D:5)
  7 rats
272 creatures vanquished.

Vanquished Creatures (collateral kills)
  An ogre (D:6)
  An orc (D:6)
2 creatures vanquished.

Vanquished Creatures (others)
  Blork the orc (D:5)
1 creature vanquished.

Grand Total: 275 creatures vanquished

Notes
Turn   | Place    | Note
-------+----------+-------------------------------------------
     0 | D:1      | Delamore the Gargoyle Fighter began the quest for the Orb.
     0 | D:1      | Reached XP level 1. HP: 14/14 MP: 1/1
   189 | D:1      | Reached XP level 2. HP: 19/19 MP: 2/2
   528 | D:1      | Reached skill level 3 in Maces & Flails
   730 | D:1      | Reached XP level 3. HP: 23/23 MP: 3/3
  1527 | D:2      | Found a blossoming altar of Fedhas.
  1585 | D:2      | Reached skill level 4 in Maces & Flails
  1831 | D:2      | Reached XP level 4. HP: 21/28 MP: 4/4
  2188 | D:2      | Noticed Terence
  2198 | D:2      | Killed Terence
  2198 | D:2      | Reached skill level 5 in Maces & Flails
  2198 | D:2      | Reached XP level 5. HP: 32/32 MP: 5/5
  3332 | D:4      | Reached skill level 6 in Maces & Flails
  3332 | D:4      | Reached XP level 6. HP: 29/37 MP: 6/6
  3466 | D:4      | Noticed Robin
  3486 | D:4      | Killed Robin
  3828 | D:4      | Found a staircase to the Ecumenical Temple.
  3844 | Temple   | Entered the Ecumenical Temple
  3905 | Temple   | Became a worshipper of Warmaster Okawaru
  4240 | D:4      | Found Zucsosuch's Gadget Boutique.
  4246 | D:4      | Bought a wand of enslavement (6) for 88 gold pieces
  4246 | D:4      | Bought a wand of flame (9) for 60 gold pieces
  4257 | D:4      | Reached skill level 7 in Maces & Flails
  4641 | D:5      | Entered Level 5 of the Dungeon
  4760 | D:5      | Reached XP level 7. HP: 41/41 MP: 7/7
  4839 | D:5      | Reached * piety under Okawaru
  4839 | D:5      | Reached skill level 8 in Maces & Flails
  5485 | D:5      | Noticed Pikel
  5513 | D:5      | Killed Pikel
  5513 | D:5      | Reached ** piety under Okawaru
  5513 | D:5      | Reached skill level 10 in Maces & Flails
  5513 | D:5      | Reached XP level 8. HP: 46/46 MP: 8/8
  5735 | D:5      | Killed Blork the orc
  6139 | D:6      | Reached skill level 11 in Maces & Flails
  6216 | D:6      | Reached XP level 9. HP: 51/51 MP: 9/9
  6286 | D:6      | Reached *** piety under Okawaru
  6607 | D:6      | Noticed Grinder
  6628 | D:6      | Reached skill level 12 in Maces & Flails
  6643 | D:6      | Killed Grinder
  6685 | D:6      | Found a glowing silver altar of Zin.
  6685 | D:6      | Noticed an angel
  6757 | D:6      | HP: 2/51 [ogre/+0 giant spiked club (13)]
  7129 | D:6      | Reached **** piety under Okawaru
  7285 | D:6      | Noticed Dowan
  7286 | D:6      | Noticed Duvessa
  7293 | D:6      | Killed Duvessa
  7301 | D:6      | Reached skill level 13 in Maces & Flails
  7336 | D:6      | Killed Dowan
  7500 | D:6      | Noticed Menkaure
  7508 | D:6      | Killed Menkaure
  7893 | D:7      | Noticed Prince Ribbit
  7908 | D:7      | Killed Prince Ribbit
  7908 | D:7      | Reached XP level 10. HP: 43/56 MP: 10/10
  8067 | D:7      | Noticed Harold
  8092 | D:7      | Killed Harold
  8092 | D:7      | Reached skill level 14 in Maces & Flails
  8106 | D:7      | Reached ***** piety under Okawaru
  8722 | D:7      | Found a radiant altar of Vehumet.
  8933 | D:8      | Noticed Erica
  8950 | D:8      | Killed Erica
  9485 | D:8      | Reached skill level 15 in Maces & Flails
  9724 | D:8      | Found a shimmering blue altar of Sif Muna.
  9939 | D:9      | Found an ornate altar of the Wu Jian Council.
  9939 | D:9      | Found a faded altar of an unknown god.
  9944 | D:9      | Found a snail-covered altar of Cheibriados.
  9946 | D:9      | Found a stormy altar of Qazlal.
  9948 | D:9      | Found a faded altar of an unknown god.
 10150 | D:9      | Received a gift from Okawaru
 10264 | D:9      | Reached XP level 11. HP: 41/60 MP: 11/11
 10477 | D:10     | Entered Level 10 of the Dungeon
 10571 | D:10     | Noticed Grum
 10594 | D:10     | Killed Grum
 10767 | D:10     | Noticed Erolcha
 10932 | D:10     | Killed Erolcha
 10932 | D:10     | Reached skill level 16 in Maces & Flails
 11600 | D:10     | Noticed a death knight
 11654 | D:10     | Noticed a skeletal warrior
 11658 | D:10     | Killed a death knight
 11658 | D:10     | Reached skill level 5 in Fighting
 11658 | D:10     | Reached skill level 5 in Shields
 11661 | D:10     | Noticed a phantasmal warrior
 11662 | D:10     | Noticed a skeletal warrior
 11812 | D:9      | HP: 2/94 [phantasmal warrior[a death knight] (22)]
 11814 | D:9      | Mangled by a phantasmal warrior

Illustrated notes

Levels and vault maps discovered:
D:1:      eino_arrival_tree_alley, layout_basic, chequers_serial_rivers_room_b,
          chequers_serial_rivers_marsh
D:2:      layout_loops_ring, lemuel_doored_altar, uniq_terence
D:3:      layout_rooms
D:4:      corexii_shantytown, layout_loops_ring, temple_fountains, serial_shops,
          shop, uniq_robin
D:5:      layout_basic, first_ration, kennysheep_pointless_box,
          chequers_arboretum, chequers_serial_rivers_large_b, uniq_pikel,
          uniq_blork_the_orc
D:6:      layout_basic, zin_angel, kennysheep_generic_room_14, uniq_grinder,
          uniq_menkaure, uniq_duvessa
D:7:      layout_gridville, kennysheep_little_box, uniq_harold,
          uniq_prince_ribbit1
D:8:      layout_loops_ring, marbit_many_paths, uniq_erica
D:9:      layout_basic, chequers_temple_overflow_minitemple
D:10:     layout_loops_ring, uniq_grum, uniq_erolcha
Temple:   regret_index_temple_generic_petals

Skill      XL: |  1  2  3  4  5  6  7  8  9 10 11 |
---------------+----------------------------------+-----
Maces & Flails | 3 4 5 6 7 10 11 13 15 16 | 16.1
Fighting       | 5 |  5.1
Shields        | 5 |  5.1
Armour         | |  3.2

Action                   |  1- 3 |  4- 6 |  7- 9 | 10-12 || total
-------------------------+-------+-------+-------+-------++-------
Melee: Flail             |   160 |   354 |    86 |       ||   600
       Whip              |       |       |   220 |   427 ||   647
Throw: Dart              |       |       |     2 |    10 ||    12
       Javelin           |       |       |       |     4 ||     4
Invok: Heroism           |       |       |       |     2 ||     2
Evoke: Wand              |       |       |     5 |       ||     5
  Use: Potion            |       |       |     4 |     5 ||     9
  Eat: Chunk             |     3 |    10 |     6 |    10 ||    29
       Ration            |       |       |     1 |     1 ||     2
Armor: Scale mail        |    76 |   176 |   106 |   145 ||   503
       Skin              |       |       |       |     5 ||     5
Dodge: Dodged            |    43 |   122 |    57 |    69 ||   291
Block: Kite shield       |    89 |   196 |   104 |   159 ||   548
